 Dungeon Crawl Stone Soup version 0.30-a0-1157-g2cc9ac7196 (webtiles) character file.

Game seed: 4126096615112183248

2031 xian the Chopper (level 9, -3/74 HPs)
             Began as a Ghoul Gladiator on Apr 25, 2023.
             Was a Believer of Wu Jian.
             Slain by an ice devil (12 damage)
             ... summoned by a kobold demonologist
             ... on level 6 of the Dungeon.
             The game lasted 00:10:51 (5278 turns).

xian the Chopper (Ghoul Gladiator)                  Turns: 5278, Time: 00:10:51

Health: -3/74      AC: 12    Str: 22    XL:     9   Next: 23%
Magic:  8/8        EV: 14    Int:  3    God:    Wu Jian [**....]
Gold:   315        SH:  0    Dex: 10    Spells: 8/8 levels left

rFire   . . .        a - +0 war axe (venom)
rCold   + . .        (no shield)
rNeg    + + +        t - +0 chain mail
rPois   ∞            c - +0 helmet
rElec   .            p - scarf {harm}
rCorr   .            D - +0 pair of gloves
SInv    .            (no boots)
Will    .....        (no amulet) Stlth
                     k - ring of flight
HPRegen 0.00/turn    v - +5 ring of evasion
MPRegen 0.11/turn

%: harm (+30% outgoing, +20% incoming)
@: flying, inhibited regen
A: claws 1, cold resistance 1, negative energy resistance 3, inhibited
regeneration, torment resistance 2, devour on kill
a: Renounce Religion, Wall Jump


You were on level 6 of the Dungeon.
You worshipped Wu Jian.
Wu Jian was pleased with you.
You visited 1 branch of the dungeon, and saw 6 of its levels.

You collected 315 gold pieces.

Inventory:

Hand Weapons
 a - a +0 war axe of venom (weapon)
Missiles
 d - 2 throwing nets (quivered)
 e - 6 javelins
 l - 8 boomerangs
 m - 5 stones
 L - 2 poisoned darts
Armour
 c - a +0 helmet (worn)
 p - a scarf of harm (worn)
 t - a +0 chain mail (worn)
 D - a +0 pair of gloves (worn)
Jewellery
 j - an amulet of faith
 k - a ring of flight (left hand)
 v - a +5 ring of evasion (right hand)
Wands
 I - a wand of roots (7)
Scrolls
 b - a scroll of enchant armour {unknown}
 n - 2 scrolls of teleportation
 o - 2 scrolls of fear {unknown}
 q - a scroll of poison {unknown}
 r - 2 scrolls of identify
 s - a scroll of summoning {unknown}
 y - 2 scrolls of blinking {unknown}
 z - 2 scrolls of vulnerability
 B - a scroll of immolation {unknown}
 C - a scroll of amnesia {unknown}
 H - a scroll of noise {unknown}
 J - a scroll of enchant weapon {unknown}
 K - a scroll of fog {unknown}
Potions
 f - a potion of cancellation {unknown}
 g - a potion of degeneration {unknown}
 h - 2 potions of heal wounds {unknown}
 i - a potion of resistance {unknown}
 u - a potion of attraction {unknown}
 w - a potion of haste {unknown}
 x - 2 potions of curing
 A - 2 potions of mutation {unknown}
 E - 3 potions of flight {unknown}
 F - a potion of lignification {unknown}
 G - a potion of ambrosia {unknown}


   Skills:
 + Level 5.4 Fighting
 + Level 7.8 Axes
 * Level 4.1 Throwing
 + Level 4.6 Armour
 + Level 3.6 Dodging
 + Level 1.3 Stealth


You had 8 spell levels left.
You didn't know any spells.
Your spell library contained the following spells:

 Spells                   Type           Power      Damage    Failure   Level
 Animate Armour           Summ/Erth      0%         N/A       100%        4
 Iron Shot                Conj/Erth      0%         9d1       100%        6
 Blade Hands              Tmut           Unusable   N/A       N/A         5

Dungeon Overview and Level Annotations

Branches:
Dungeon (6/15)             Temple (0/1) D:4

Altars:
Nemelex Xobeh
Okawaru
Uskayaw
Vehumet
Wu Jian


Innate Abilities, Weirdness & Mutations

You are immune to poison.
You have sharp fingernails.
Your flesh is cold resistant. (rC+)
You are immune to negative energy. (rN+++)
You do not regenerate when monsters are visible.
You are immune to unholy pain and torment.
You thrive by killing the living.


Message History

The kobold demonologist looks as sick as possible!
The kobold demonologist is heavily wounded.
You hit the ynoxinul. You hit the shadow imp.
The kobold demonologist hits you but does no damage.
The shadow imp barely misses you. The ynoxinul hits you.
* * * LOW HITPOINT WARNING * * *
You closely miss the kobold demonologist.
The kobold demonologist is severely wounded.
You hit the ynoxinul but do no damage. You barely miss the shadow imp.
You closely miss the kobold.
The kobold demonologist gestures wildly while chanting.
The kobold closely misses you. The shadow imp completely misses you.
The ynoxinul hits you but does no damage.
The kobold demonologist looks encouraged for a moment.
The kobold hits you but does no damage.
You closely miss the kobold demonologist.
The kobold demonologist is severely wounded.
You hit the ynoxinul.
You hit the shadow imp but do no damage.
You closely miss the kobold. The shadow imp misses you.
The ynoxinul hits you but does no damage.
The kobold demonologist hits you with a +0 dagger.
* * * LOW HITPOINT WARNING * * *
You closely miss the kobold demonologist.
The kobold demonologist is almost dead.
You completely miss the ynoxinul. You barely miss the shadow imp.
You hit the ice devil. The shadow imp closely misses you.
The ynoxinul hits you.
* * * LOW HITPOINT WARNING * * *
The kobold demonologist gestures wildly while chanting.
You closely miss the kobold demonologist.
The kobold demonologist is almost dead.
You barely miss the ynoxinul. You completely miss the shadow imp.
You hit the ice devil but do no damage. You hit the kobold but do no damage.
You closely miss the orange demon. The shadow imp closely misses you.
The ynoxinul gestures.
The ice devil hits you.
* * * LOW HITPOINT WARNING * * *
The ice devil freezes you! You resist.
You die...

##....)....... ###.............
##....5......##.#
..#............####
................./.
##..#....#...[...#
.#.####.#####...##
....#..5K###....###.
#......4@##.........
#$.....K43..........
..##......5...........
..#...#....5............. .
.......................# #.
#................#....# ##.###
#...............##.....
......###......................
#.....#.......................


You could see an orange demon (summoned), an ice devil (summoned), a kobold
demonologist (very poisoned), a ynoxinul (summoned), a shadow imp (summoned), 2
ufetubi and a kobold.

Vanquished Creatures
  Maggie (D:6)
  A kobold demonologist (D:6)
  A wyvern (D:6)
  A water moccasin (D:6)
  2 black bears
  An ogre (D:5)
  A kobold brigand (D:6)
  2 phantoms (D:4)
  2 scorpions
  A hound (D:5)
  An orc priest (D:3)
  2 jellies
  3 iguanas
  A sleepcap (D:5)
  5 orc wizards
  10 gnolls
  10 adders
  A shadow imp (D:5)
  A white imp (D:5)
  An ufetubus (D:6)
  A worm (D:2)
  3 dart slugs
  22 orcs
  5 bats
  6 endoplasms
  A giant cockroach (D:2)
  8 goblins
  9 hobgoblins
  2 jackals (D:4)
  2 quokkas
  3 ball pythons
  A frilled lizard (D:1)
  6 kobolds
  3 rats
120 creatures vanquished.

Notes
Turn   | Place    | Note
-------+----------+-------------------------------------------
     0 | D:1      | xian the Ghoul Gladiator began the quest for the Orb.
     0 | D:1      | Reached XP level 1. HP: 17/17 MP: 0/0
   641 | D:1      | Reached skill level 3 in Axes
   641 | D:1      | Reached XP level 2. HP: 24/24 MP: 1/1
   931 | D:2      | Reached XP level 3. HP: 21/30 MP: 2/2
   969 | D:2      | Noticed a black bear
   979 | D:2      | HP: 1/30 [black bear (1)]
   985 | D:2      | Killed a black bear
   986 | D:2      | Reached skill level 1 in Armour
   986 | D:2      | Reached XP level 4. HP: 9/38 MP: 3/3
   986 | D:2      | Reached XP level 5. HP: 10/45 MP: 4/4
  1852 | D:3      | Reached skill level 4 in Axes
  1935 | D:3      | Reached XP level 6. HP: 47/51 MP: 5/5
  2187 | D:3      | Found an iron altar of Okawaru.
  2377 | D:3      | Found a faded altar of an unknown god.
  2926 | D:3      | Found a radiant altar of Vehumet.
  2988 | D:3      | Prayed at the altar of an unknown god.
  2988 | D:3      | Became a worshipper of the Wu Jian Council
  2988 | D:3      | Reached * piety under Wu Jian
  3068 | D:4      | Reached skill level 5 in Axes
  3112 | D:4      | Reached XP level 7. HP: 29/58 MP: 6/6
  3235 | D:4      | Found a hide-covered altar of Uskayaw.
  3643 | D:4      | Found a staircase to the Ecumenical Temple.
  3874 | D:5      | Entered Level 5 of the Dungeon
  4142 | D:5      | Reached skill level 6 in Axes
  4142 | D:5      | Reached skill level 1 in Stealth
  4143 | D:5      | Reached ** piety under Wu Jian
  4177 | D:5      | Reached XP level 8. HP: 66/66 MP: 7/7
  4214 | D:5      | Found a sparkling altar of Nemelex Xobeh.
  5173 | D:6      | Noticed a wyvern
  5183 | D:6      | Killed a wyvern
  5184 | D:6      | Reached skill level 7 in Axes
  5229 | D:6      | Noticed Maggie
  5240 | D:6      | Killed Maggie
  5241 | D:6      | Reached skill level 5 in Fighting
  5241 | D:6      | Reached XP level 9. HP: 71/74 MP: 8/8
  5246 | D:6      | Noticed a kobold demonologist
  5246 | D:6      | Noticed a kobold demonologist
  5263 | D:6      | Noticed a soul eater
  5273 | D:6      | Noticed a rust devil
  5273 | D:6      | Killed a kobold demonologist
  5276 | D:6      | Noticed an ice devil
  5278 | D:6      | Noticed an orange demon
  5278 | D:6      | Slain by an ice devil

Illustrated notes

Levels and vault maps discovered:
D:1:      lightli_arrival_lavapool, layout_basic
D:2:      layout_loops_ring
D:3:      layout_basic, okawaru_metal_pillars_1_2, vehumet_crystals,
          nicolae_ecumenical_oubliette
D:4:      layout_loops_cross, lemuel_crystal_altar, minmay_temple_entry_junction
D:5:      layout_loops_corners, nemelex_dance_club_becter
D:6:      layout_cave_pools, uniq_maggie

Skill      XL: |  1  2  3  4  5  6  7  8  9 |
---------------+----------------------------+-----
Axes           | 3 4 5 6 7 |  7.8
Fighting       | 3 4 5 |  5.4
Armour         | 1 2 3 4 |  4.6
Dodging        | 3 |  3.6
Throwing       | 2 3 4 |  4.1
Stealth        | 1 |  1.3

Action                     |  1- 3 |  4- 6 |  7- 9 || total
---------------------------+-------+-------+-------++-------
  Melee: War axe           |    59 |   191 |   170 ||   420
         Punch             |       |     1 |       ||     1
  Throw: Throwing net      |     3 |       |     3 ||     6
         Javelin           |     1 |     1 |       ||     2
         Stone             |       |    30 |    26 ||    56
Ability: Whirlwind         |       |     5 |     6 ||    11
         Lunge             |       |       |     9 ||     9
    Use: Potion            |     1 |     1 |       ||     2
         Scroll            |       |       |     3 ||     3
   Stab: Held in net/web   |     1 |       |       ||     1
 Armour: Leather armour    |    37 |     2 |       ||    39
         Scale mail        |       |    11 |       ||    11
         Chain mail        |       |    67 |    76 ||   143
  Dodge: Dodged            |    50 |   119 |   136 ||   305

Table legend: (Time is in decaauts)
 A = Elapsed time spent in this place.
 B = Non-inter-level travel time spent in this place.
 C = Inter-level travel time spent in this place.
 D = Time resting spent in this place.
 E = Time spent auto-exploring this place.
 F = Levels seen in this place.
 G = Mean time per level.
                   A        B        C        D        E       F      G
               +--------+--------+--------+--------+--------+-----+--------+
         Total |   5378 |   5225 |    153 |    153 |   3647 |   6 |  896.3 |
       Dungeon |   5378 |   5225 |    153 |    153 |   3647 |   6 |  896.3 |
               +--------+--------+--------+--------+--------+-----+--------+

Top non-repeatable levels by time:
     D:3: 1163 daAuts
     D:5: 1086 daAuts
     D:2: 978 daAuts
     D:1: 927 daAuts
     D:4: 886 daAuts
     D:6: 336 daAuts
